 Dungeon Crawl Stone Soup version 0.23.2 (webtiles) character file.

Game seed: 13211341432306772611

59839 Mrkaede the Fighter (level 14, -4/113 HPs)
             Began as a Demonspawn Berserker on Apr 7, 2019.
             Was the Champion of Trog.
             Slain by a redback (10 damage)
             ... on level 1 of the Spider Nest on Apr 9, 2019.
             The game lasted 01:13:11 (20791 turns).

Mrkaede the Fighter (Demonspawn Berserker)         Turns: 20791, Time: 01:13:14

Health: -4/113     AC: 22    Str: 22    XL:     14   Next: 54%
Magic:  0/9        EV:  7    Int:  8    God:    Trog [******]
Gold:   1435       SH:  0    Dex: 14    Spells: 13/13 levels left

rFire    . . .     SeeInvis .   d - +8 demon trident "Rift" {distort, reach+}
rCold    . . .     Gourm    .   a - +2 large shield
rNeg     . . .     Faith    .   V - +4 ring mail
rPois    +         Spirit   +   (helmet unavailable)
rElec    .         Reflect  +   C - +3 cloak of the Old World {+Fly MP-9 Stlth+}
rCorr    .         Harm     .   j - +0 pair of gloves
MR       +....                  (no boots)
Stlth    ++++++....             G - +6 amulet of reflection
HPRegen  0.28/turn              p - ring of stealth
MPRegen  0.11/turn              f - ring of poison resistance

@: sanguine armour, held
A: horns 3, blurry vision 1, nightstalker 3, magic shield, MP-powered wands,
sanguine armour 1
a: Berserk, Trog's Hand, Brothers in Arms, Renounce Religion, Evoke Flight


You were on level 1 of the Spider Nest.
You worshipped Trog.
Trog was exalted by your worship.
You were not hungry.

You visited 4 branches of the dungeon, and saw 20 of its levels.

You collected 1985 gold pieces.
You spent 550 gold pieces at shops.

Inventory:

Hand Weapons
 d - the +8 demon trident "Rift" (weapon) {distort, reach+}
   (Trog gifted it to you on level 9 of the Dungeon)

   It warps and distorts space around it.
   Unwielding it can cause banishment or high damage.
 h - the +9 demon trident of Intimidation {elec, rN+ Stlth+}
   (Trog gifted it to you on level 3 of the Lair of Beasts)

   Occasionally, upon striking a foe, it will discharge some electrical energy
   and cause terrible harm.
   It protects you from negative energy.
   It makes you more stealthy.
 S - a +6 antimagic trident
Missiles
 B - 17 tomahawks (quivered)
 J - 12 javelins of returning
 K - 9 tomahawks of returning
Armour
 a - a +2 large shield (worn)
 e - a +1 plate armour of fire resistance
 j - a +0 pair of gloves (worn)
 v - a +2 ring mail of cold resistance
 x - a +2 cloak of invisibility
 z - the +0 pair of gloves of the Eagle {rElec MR- Str-2 SInv}
   (You bought it in a shop on level 2 of the Orcish Mines)

   It affects your strength (-2).
   It insulates you from electricity.
   It affects your resistance to hostile enchantments.
   It lets you see invisible.
 C - the +3 cloak of the Old World (worn) {+Fly MP-9 Stlth+}
   (You bought it in a shop on level 2 of the Orcish Mines)

   It affects your magic capacity (-9).
   It lets you fly.
   It makes you more stealthy.
 V - a +4 ring mail (worn)
Jewellery
 f - a ring of poison resistance (right hand)
 p - a ring of stealth (left hand)
 G - a +6 amulet of reflection (around neck)
Wands
 l - a wand of flame (38)
 o - a wand of clouds (2)
 y - a wand of paralysis (8)
 M - a wand of scattershot (3)
 Q - a wand of iceblast (18)
 U - a wand of acid (13)
Scrolls
 b - a scroll of enchant weapon
 i - 5 scrolls of remove curse
 m - 3 scrolls of magic mapping
 r - 4 scrolls of teleportation
 A - 2 scrolls of fear
 H - 2 scrolls of fog
 N - 2 scrolls of blinking
 R - a scroll of silence
Potions
 g - a potion of ambrosia
 k - 2 potions of might
 n - 2 potions of haste
 s - 3 potions of brilliance
 t - 6 potions of flight
 u - 2 potions of cancellation
 w - 4 potions of curing
 I - 2 potions of resistance
 P - 2 potions of heal wounds
Miscellaneous
 T - a box of beasts
Comestibles
 c - 39 rations
 q - 5 chunks of flesh


   Skills:
 * Level 11.6 Fighting
 * Level 10.8 Polearms
 + Level 7.4 Throwing
 + Level 9.0 Armour
 + Level 9.0 Dodging
 - Level 0.5 Stealth
 + Level 8.7 Shields
 + Level 7.3 Unarmed Combat
 + Level 5.8 Evocations


You had 13 spell levels left.
You didn't know any spells.
Your spell library was empty.

Dungeon Overview and Level Annotations

Branches:
Dungeon (13/15)            Temple (0/1) D:5            Lair (4/6) D:9
 Shoals (0/4) Lair:4       Spider (1/4) Lair:4          Orc (2/2) D:9
    Elf (0/3) Orc:2        Vaults (0/5) D:13

Altars:
Cheibriados
Hepliaklqana
Makhleb
Okawaru
Qazlal
Ru
Vehumet
Wu Jian
Zin
The Shining One

Shops:
D:8 =   D:9 (   Orc:2 [*:(

Annotations:
Abyss:1 Urug


Innate Abilities, Weirdness & Mutations

You have a pair of large horns on your head.
You are completely attuned to the shadows.
When hurt, damage is shared between your health and your magic reserves.
When seriously injured, your bleeding wounds create armour. (AC +6)
Scrolls take you a little longer to read.
You expend magic power (3 MP) to strengthen your wands.


Message History

Really read with blurry vision while enemies are nearby? [Y]es or [N]o only, please.
Really read with blurry vision while enemies are nearby?
Okay, then.
You struggle to detach yourself from the web.
The redback bites you but does no damage.
The tarantella bites you but does no damage.
The jumping spider pounces on you.
* * * LOW HITPOINT WARNING * * *
The jumping spider closely misses you. The redback bites you!
* * * LOW HITPOINT WARNING * * *
Wield which item (- for none, * to show all)? (? for menu, Esc to quit)
Okay, then.
You feel better.
The tarantella bites you but does no damage.
The jumping spider pounces on you.
* * * LOW HITPOINT WARNING * * *
The jumping spider bites you but does no damage.
The redback bites you!
You die...

## ##
.###.#.##
........#
........##
#..s@..^##
##†ss.....
###.......
#........
#.........
#......^...
#..........
#..........
#..........


You could see a jumping spider, a tarantella and a redback.

Vanquished Creatures
  2 ettins (Orc:1)
  Harold (Lair:2)
  Erolcha (D:11)
  2 hydras
  7 two-headed ogres
  2 centaur warriors (D:13)
  A death knight (D:12)
  3 orc high priests
  An unseen horror (D:11)
  4 orc knights
  7 orc sorcerers
  2 manticores
  An ugly thing (D:13)
  An orb spider (Spider:1)
  2 oklob plants (Lair:1)
  5 slime creatures (D:11)
  5 elephants (Lair:4)
  6 centaur zombies
  A black mamba (Lair:1)
  Joseph (D:8)
  A gargoyle (D:13)
  Psyche (D:8)
  3 spiny frogs
  5 rime drakes
  A kobold demonologist (D:12)
  2 komodo dragons
  A jumping spider (Spider:1)
  5 trolls
  3 blink frogs
  4 hippogriffs
  Sigmund (D:6)
  A redback (Spider:1)
  A tarantella (Spider:1)
  A vampire (D:13)
  A wyvern (Lair:1)
  A wraith (D:12)
  Grum (D:8)
  30 yaks
  A steam dragon (Lair:4)
  11 humans (D:13)
  A hungry ghost (D:11)
  A warg (Orc:1)
  Menkaure (D:7)
  Edmund (D:6)
  5 water moccasins
  3 ice beasts
  10 porcupines
  7 phantoms
  6 black bears
  33 orc warriors
  2 sky beasts (D:11)
  8 ogres
  A necrophage (D:12)
  15 wolves
  4 centaurs
  8 crocodiles
  A big kobold (D:9)
  8 bullfrogs
  2 wyvern zombies
  Blork the orc (D:4)
  A water moccasin skeleton (D:3)
  6 scorpions
  31 killer bees
  13 wights
  8 howler monkeys
  An electric eel (Lair:4)
  A bullfrog zombie (D:8)
  6 crimson imps
  A centaur skeleton (D:7)
  5 jellies
  8 hounds
  Crazy Yiuf (D:3)
  7 orc priests
  4 bullfrog skeletons
  10 worker ants
  4 iguanas
  26 orc wizards
  3 hound skeletons
  A howler monkey skeleton (D:4)
  A worker ant zombie (D:8)
  6 gnolls
  8 adders
  3 shadow imps
  An ooze (D:2)
  2 adder skeletons
  2 worms
  A dart slug (D:4)
  6 leopard geckos
  79 orcs
  4 ball pythons
  5 giant cockroaches
  8 goblins
  16 hobgoblins
  11 jackals
  3 quokkas
  12 bats
  4 frilled lizards
  17 kobolds
  A leopard gecko skeleton (D:4)
  A quokka skeleton (D:4)
  7 rats
  A plant (Lair:1)
584 creatures vanquished.

Vanquished Creatures (others)
  A centaur warrior (D:11)
  An orc high priest (Orc:2)
  An orc knight (Orc:1)
  An oklob plant (Lair:1)
  A cyclops (D:12)
  A manticore (D:11)
  An elephant (Lair:4)
  Maurice (D:8)
  A queen bee (Lair:3)
  A tengu conjurer (D:11)
  A polar bear (Lair:3)
  2 hippogriffs
  7 yaks
  A basilisk (D:9)
  A vampire (D:11)
  A human (D:13)
  A warg (Orc:2)
  An ogre (D:10)
  A centaur (D:13)
  A bullfrog (D:11)
  A killer bee (Lair:3)
  A hound (D:8)
  An orc wizard (D:9)
  3 orcs
  A bush (Lair:3)
  14 fungi
  3 plants
51 creatures vanquished.

Grand Total: 635 creatures vanquished

Notes
Turn   | Place    | Note
-------+----------+-------------------------------------------
     0 | D:1      | Mrkaede the Demonspawn Berserker began the quest for the
                  | Orb.
     0 | D:1      | Reached XP level 1. HP: 18/18 MP: 1/1
   184 | D:1      | Gained mutation: You are slightly more attuned to the
                  | shadows. [demonic ancestry]
   184 | D:1      | Reached XP level 2. HP: 22/24 MP: 2/2
   505 | D:1      | Reached ** piety under Trog
   505 | D:1      | Reached XP level 3. HP: 27/29 MP: 3/3
  1277 | D:2      | Found an ornate altar of the Wu Jian Council.
  1408 | D:2      | Gained mutation: You are significantly more attuned to the
                  | shadows. [demonic ancestry]
  1408 | D:2      | Reached XP level 4. HP: 35/35 MP: 4/4
  1798 | D:2      | Found a radiant altar of Vehumet.
  1942 | D:3      | Reached *** piety under Trog
  2243 | D:3      | Found a runed translucent door.
  2245 | D:3      | Noticed Crazy Yiuf
  2262 | D:3      | Killed Crazy Yiuf
  2262 | D:3      | Gained mutation: You have a pair of small horns on your
                  | head. [demonic ancestry]
  2262 | D:3      | Reached XP level 5. HP: 7/42 MP: 5/5
  2573 | D:3      | Reached skill level 1 in Shields
  2962 | D:4      | Noticed a phantom
  3031 | D:3      | Killed a phantom
  3031 | D:3      | Reached skill level 4 in Fighting
  3031 | D:3      | Reached skill level 1 in Throwing
  3031 | D:3      | Reached skill level 1 in Unarmed Combat
  3031 | D:3      | Reached XP level 6. HP: 22/48 MP: 6/6
  3496 | D:4      | Noticed Blork the orc
  3513 | D:4      | Killed Blork the orc
  3513 | D:4      | Reached **** piety under Trog
  3513 | D:4      | Gained mutation: When seriously injured, your bleeding
                  | wounds create armour. (AC +6) [demonic ancestry]
  3513 | D:4      | Reached XP level 7. HP: 51/54 MP: 7/7
  4154 | D:5      | Entered Level 5 of the Dungeon
  4579 | D:5      | Reached XP level 8. HP: 56/61 MP: 8/8
  4739 | D:5      | Reached skill level 5 in Fighting
  4959 | D:5      | Found a staircase to the Ecumenical Temple.
  5048 | D:5      | Found a glowing golden altar of the Shining One.
  5224 | D:6      | Noticed Sigmund
  5277 | D:6      | Reached skill level 5 in Polearms
  5281 | D:6      | Killed Sigmund
  5297 | D:6      | Noticed Edmund
  5324 | D:6      | Killed Edmund
  5875 | D:6      | Reached XP level 9. HP: 37/68 MP: 9/9
  5884 | D:6      | Reached ***** piety under Trog
  6812 | D:7      | Found a stormy altar of Qazlal.
  6902 | D:7      | Noticed Menkaure
  6908 | D:7      | Killed Menkaure
  6982 | D:7      | Found a sacrificial altar of Ru.
  6998 | D:7      | Reached skill level 6 in Fighting
  6998 | D:7      | Reached skill level 5 in Armour
  7008 | D:7      | Reached skill level 5 in Dodging
  7067 | D:7      | Found a glowing silver altar of Zin.
  7225 | D:7      | Found a snail-covered altar of Cheibriados.
  7628 | D:8      | Found Fefaew Nugus's Jewellery Shoppe.
  7647 | D:8      | Noticed Grum
  7679 | D:8      | Killed Grum
  7679 | D:8      | Reached skill level 5 in Shields
  8156 | D:8      | Noticed Joseph
  8168 | D:8      | Killed Joseph
  8168 | D:8      | Reached XP level 10. HP: 48/77 MP: 10/10
  8171 | D:8      | Noticed Maurice
  8393 | D:8      | Noticed Psyche
  8405 | D:8      | Killed Psyche
  8700 | D:8      | Found a glowing silver altar of Zin.
  8797 | D:8      | Found an iron altar of Okawaru.
  8797 | D:8      | Found a hazy altar of Hepliaklqana.
  8910 | D:8      | Killed Maurice
  9243 | D:8      | Reached skill level 7 in Fighting
  9463 | D:9      | Received a gift from Trog
  9464 | D:9      | Found the +8 demon trident "Rift" {distort, reach+}
  9814 | D:9      | Found a staircase to the Orcish Mines.
  9846 | D:9      | Found Yvvocz Faef's Weapon Boutique.
  9986 | D:9      | Noticed a two-headed ogre
 10000 | D:9      | Killed a two-headed ogre
 10000 | D:9      | Gained mutation: You are completely attuned to the shadows.
                  | [demonic ancestry]
 10000 | D:9      | Reached XP level 11. HP: 77/84 MP: 11/11
 10031 | D:9      | Found a staircase to the Lair.
 10383 | D:10     | Entered Level 10 of the Dungeon
 10465 | D:10     | Found the +3 giant club "Skullcrusher" {speed, Str+7}
 10483 | D:10     | Noticed a two-headed ogre
 10563 | D:10     | Killed a two-headed ogre
 11270 | D:11     | Noticed Erolcha
 11327 | D:11     | Noticed a two-headed ogre
 11328 | D:11     | Reached skill level 8 in Fighting
 11330 | D:11     | Killed a two-headed ogre
 11362 | D:11     | Noticed a centaur warrior
 11367 | D:11     | Killed a centaur warrior
 11389 | D:11     | Reached skill level 1 in Evocations
 11531 | D:11     | Killed Erolcha
 11549 | D:11     | Received a gift from Trog
 11557 | D:11     | Reached skill level 5 in Throwing
 11564 | D:11     | Reached skill level 5 in Unarmed Combat
 11924 | D:11     | Noticed a two-headed ogre
 11941 | D:11     | Killed a two-headed ogre
 11941 | D:11     | Gained mutation: You have a pair of horns on your head.
                  | [demonic ancestry]
 11941 | D:11     | Reached XP level 12. HP: 77/94 MP: 13/13
 11990 | D:11     | Received a gift from Trog
 12034 | D:11     | Reached skill level 9 in Fighting
 12107 | D:11     | Noticed a two-headed ogre
 12112 | D:11     | Killed a two-headed ogre
 12481 | D:12     | Noticed a two-headed ogre
 12484 | D:12     | Killed a two-headed ogre
 12750 | D:12     | Noticed a death knight
 12757 | D:12     | Killed a death knight
 13308 | D:13     | Noticed a centaur warrior
 13319 | D:13     | Killed a centaur warrior
 13501 | D:13     | Noticed a centaur warrior
 13506 | D:13     | Killed a centaur warrior
 13506 | D:13     | Received a gift from Trog
 13615 | D:13     | Reached skill level 10 in Fighting
 13890 | D:13     | Gained mutation: When hurt, damage is shared between your
                  | health and your magic reserves. [demonic ancestry]
 13890 | D:13     | Reached XP level 13. HP: 103/103 MP: 15/15
 14033 | D:13     | Found a gate to the Vaults.
 14230 | Lair:1   | Entered Level 1 of the Lair of Beasts
 15165 | Lair:2   | Noticed Harold
 15219 | Lair:2   | Killed Harold
 15374 | Lair:2   | Gained mutation: You passively map a small area around you.
                  | [potion of mutation]
 15374 | Lair:2   | Gained mutation: Your muscles are strong. (Str +2) [potion
                  | of mutation]
 16127 | Lair:3   | Reached ****** piety under Trog
 16160 | Lair:3   | Received a gift from Trog
 16171 | Lair:3   | Got an ichor-stained demon trident {god gift}
 16172 | Lair:3   | Identified the +9 demon trident of Intimidation {elec, rN+
                  | Stlth+} (Trog gifted it to you on level 3 of the Lair of
                  | Beasts)
 16179 | Lair:3   | Reached skill level 10 in Polearms
 17110 | Lair:4   | Reached skill level 5 in Evocations
 17370 | Lair:4   | Found a hole to the Spider Nest.
 17422 | Lair:4   | Reached skill level 11 in Fighting
 17528 | Lair:4   | Found a staircase to the Shoals.
 17923 | Orc:1    | Entered Level 1 of the Orcish Mines
 18001 | Orc:1    | Gained mutation: You have a pair of large horns on your
                  | head. [demonic ancestry]
 18001 | Orc:1    | Reached XP level 14. HP: 112/113 MP: 15/17
 18330 | Orc:1    | Received a gift from Trog
 18516 | Orc:1    | Found a burning altar of Makhleb.
 18546 | Orc:2    | Entered Level 2 of the Orcish Mines
 18876 | Orc:1    | Lost mutation: Your muscles are strong. (Str +2) [potion of
                  | mutation]
 18876 | Orc:1    | Gained mutation: You possess an exceptional clarity of
                  | mind. [potion of mutation]
 18876 | Orc:1    | Lost mutation: You possess an exceptional clarity of mind.
                  | [potion of mutation]
 18876 | Orc:1    | Gained mutation: You are somewhat resistant to further
                  | mutation. [potion of mutation]
 18877 | Orc:1    | Lost mutation: You passively map a small area around you.
                  | [potion of mutation]
 18877 | Orc:1    | Lost mutation: You are somewhat resistant to further
                  | mutation. [potion of mutation]
 18877 | Orc:1    | Gained mutation: Scrolls take you a little longer to read.
                  | [potion of mutation]
 18877 | Orc:1    | Gained mutation: You expend magic power (3 MP) to
                  | strengthen your wands. [potion of mutation]
 19291 | Orc:2    | Found Iferoul's Antique Weapon Boutique.
 19428 | Orc:2    | Received a gift from Trog
 19493 | Orc:2    | Found a staircase to the Elven Halls.
 19504 | Orc:2    | Found Omneurr's Book Emporium.
 19561 | Orc:2    | Noticed an orc warlord
 19772 | Orc:2    | Noticed Urug
 19777 | Orc:2    | Banished Urug
 20310 | Orc:2    | Found Saocs's General Store.
 20348 | Orc:2    | Found Ethrinent's Antique Armour Emporium.
 20354 | Orc:2    | Bought a pair of jewelled gloves for 275 gold pieces
 20364 | Orc:2    | Identified the +0 pair of gloves of the Eagle {rElec MR-
                  | Str-2 SInv} (You bought it in a shop on level 2 of the
                  | Orcish Mines)
 20374 | Orc:2    | Bought a slimy cloak for 275 gold pieces
 20384 | Orc:2    | Identified the +3 cloak of the Old World {+Fly MP-9 Stlth+}
                  | (You bought it in a shop on level 2 of the Orcish Mines)
 20754 | Spider:1 | Entered Level 1 of the Spider Nest
 20790 | Spider:1 | HP: 3/113 [redback (14)]
 20791 | Spider:1 | Slain by a redback

Skill      XL: |  1  2  3  4  5  6  7  8  9 10 11 12 13 14 |
---------------+-------------------------------------------+-----
Polearms       | 3 4 5 6 7 8 9 10 | 10.8
Armour         | 2 3 4 5 6 7 8 9 |  9.0
Dodging        | 2 3 4 5 6 7 8 9 |  9.0
Shields        | 1 2 3 4 5 6 7 8 |  8.7
Fighting       | 4 5 6 7 8 10 11 | 11.6
Throwing       | 1 2 3 4 5 6 7 |  7.4
Unarmed Combat | 1 2 3 4 5 6 7 |  7.3
Evocations     | 2 3 5 |  5.8
Stealth        | |  0.5

Action                   |  1- 3 |  4- 6 |  7- 9 | 10-12 | 13-15 || total
-------------------------+-------+-------+-------+-------+-------++-------
Melee: Spear             |   170 |   278 |     8 |       |       ||   456
       Headbutt          |       |    23 |   104 |    88 |    83 ||   298
       Trident           |       |       |   282 |       |       ||   282
       Scythe            |       |       |   294 |   143 |       ||   437
       Demon trident     |       |       |       |   439 |   705 ||  1144
Throw: Tomahawk          |       |       |       |     9 |     1 ||    10
Invok: Berserk           |       |     2 |     4 |       |       ||     6
       Trog's Hand       |       |       |       |     1 |       ||     1
Evoke: Wand              |       |       |     3 |     4 |     3 ||    10
  Use: Potion            |       |     2 |     1 |     5 |     5 ||    13
       Scroll            |       |     1 |    11 |    15 |     5 ||    32
 Stab: Sleeping          |     3 |    16 |    15 |    50 |    30 ||   114
       Distracted        |       |     1 |       |     9 |     8 ||    18
       Invisible         |       |     1 |       |       |       ||     1
  Eat: Chunk             |     2 |     5 |     6 |    17 |    19 ||    49
       Ration            |       |     1 |     4 |     1 |     1 ||     7
Armor: Ring mail         |    32 |       |       |    20 |    95 ||   147
       Scale mail        |    17 |    17 |       |       |       ||    34
       Ice dragon scales |       |   150 |   430 |   152 |       ||   732
       Plate armour      |       |       |       |       |     8 ||     8
Dodge: Dodged            |    79 |   120 |   462 |   193 |   110 ||   964
Block: Buckler           |     2 |    44 |    67 |    51 |       ||   164
       Other             |       |       |       |    42 |       ||    42
       Reflection        |       |       |       |    22 |    10 ||    32
       Large shield      |       |       |       |    36 |   500 ||   536
       Shield            |       |       |       |    36 |       ||    36
